Map: Ephemeron LE

Players

SKillous - Winner!

  • Race: Protoss Protoss
  • Spawn Location: 11:00

Probe

  • Race: Protoss Protoss
  • Spawn Location: 5:00

Event: IEM Katowice 2020

VOD

Have the link to the VOD?

Description

Time

  • Played on: Feb. 24, 2020, 9:15 a.m.
  • Length: 5:04

All games in this series

Show
View Real Time Build Order
Export as new Build Order

SKillous Protoss - Winner!

Build Orders:  

Get SALT Encoding   

  12  0:00  Probe  
  13  0:12  Probe  
  14  0:17  Pylon  
  14  0:24  Probe (Chrono Boost)  
  15  0:37  Probe (Chrono Boost)  
  15  0:38  Gateway  
  16  0:44  Probe (Chrono Boost)  
  16  0:46  Assimilator  
  17  0:51  Probe  
  17  0:55  Assimilator  
  18  1:03  Probe (Chrono Boost)  
  19  1:08  Gateway  
  19  1:13  Probe (Chrono Boost)  
  19  1:18  Probe (Chrono Boost)  
  20  1:25  Cybernetics Core  
  21  1:29  Probe  
  22  1:35  Pylon  
  22  1:41  Probe  
  23  2:01  Robotics Facility  
  23  2:02  Stalker  
  23  2:04  Stalker  
  27  2:12  Pylon  
  27  2:14  Warp Gate  
  27  2:32  Stalker  
  27  2:34  Stalker  
  30  2:46  Immortal (Chrono Boost)  
  36  3:07  Sentry  
  36  3:11  Pylon  
  36  3:15  Stalker  
  38  3:24  Shield Battery  
  38  3:29  Warp Prism (Chrono Boost)  
  40  4:01  Immortal (Chrono Boost)  
  44  4:04  Pylon  
  44  4:18  Sentry  
  46  4:25  Stalker  
  48  4:52  Stalker x2  
  52  4:55  Pylon  
Show
View Real Time Build Order
Export as new Build Order

Probe Protoss 

Build Orders:  

Get SALT Encoding   

  12  0:00  Probe  
  13  0:12  Probe  
  14  0:17  Pylon  
  14  0:25  Probe (Chrono Boost)  
  15  0:37  Probe (Chrono Boost)  
  15  0:39  Gateway  
  16  0:43  Probe (Chrono Boost)  
  16  0:46  Assimilator  
  17  0:51  Probe  
  17  0:55  Assimilator  
  18  1:03  Probe (Chrono Boost)  
  19  1:09  Gateway  
  19  1:13  Probe (Chrono Boost)  
  20  1:18  Probe (Chrono Boost)  
  21  1:26  Cybernetics Core  
  21  1:29  Probe  
  22  1:35  Pylon  
  22  1:41  Probe  
  23  1:53  Gateway  
  23  1:54  Probe  
  24  2:04  Stalker  
  24  2:07  Warp Gate (Chrono Boost), Stalker  
  28  2:17  Pylon  
  28  2:23  Shield Battery  
  28  2:34  Stalker  
  30  2:42  Stalker x2  
  33  2:51  Pylon  
  33  3:01  Shield Battery  
  33  3:05  Stalker  
  35  3:22  Robotics Facility  
  35  3:31  Shield Battery  
  35  3:32  Shield Battery  
  35  3:43  Stalker x2  
  35  3:45  Sentry  
  31  4:19  Immortal (Chrono Boost)  
  35  4:25  Probe  
  36  4:36  Shield Battery  
  36  4:38  Sentry  
  36  4:45  Stalker  
  38  4:56  Pylon  

Tags
 
Add a new tag
Caveats
  • Supply blocks, unpowered buildings, or Contaminate may cause inaccurate times.
  • Supply counts are checked every 10 seconds.